 Seeded DCSS version 0.29-a0-369-gd956c00756 (webtiles) character file.

Game seed: 20220501 (custom seed)

2140 happo123 the Ruffian (level 9, -4/84 HPs)
             Began as a Troll Fighter on May 1, 2022.
             Was an Elder of Ru.
             Slain by an efreet
             ... wielding a +0 scimitar of flaming
              (12 damage)
             ... on level 7 of the Dungeon on May 2, 2022.
             The game lasted 01:24:42 (6712 turns).

happo123 the Ruffian (Troll Fighter)                Turns: 6712, Time: 01:24:45

Health: -4/84      AC:  7    Str: 29 (30) XL:     9   Next: 9%
Magic:  0/8        EV:  9    Int:  3 (4)  God:    Ru [****..]
Gold:   161        SH:  8    Dex:  9      Spells: 8/8 levels left

rFire   . . .      SeeInvis +   P - +2 war axe (vorpal)
rCold   x . .      Faith    .   b - +0 kite shield
rNeg    . . .      Spirit   +   a - +0 robe
rPois   .          Reflect  .   (helmet restricted)
rElec   .          Harm     .   Z - +0 cloak
rCorr   .          Rampage  .   (gloves unavailable)
Will    .....                   (boots unavailable)
Stlth   ..........              M - amulet of guardian spirit
HPRegen 1.04/turn               n - ring of see invisible
MPRegen 0.11/turn               q - ring of protection from fire

@: no status effects
A: large, unfitting armour, claws 3, regeneration 1, shaggy fur 1, tough skin 1,
no stealth, no fire magic, no summoning magic, no transmutations magic,
temperature sensitive, iridescent scales 1, deterioration 1
a: Renounce Religion, Draw Out Power, Power Leap


You were on level 7 of the Dungeon.
You worshipped Ru.
Ru was greatly pleased with you.
You visited 2 branches of the dungeon, and saw 8 of its levels.
You also visited: Sewer and Ossuary.

You collected 273 gold pieces.
You spent 112 gold pieces at shops.

Inventory:

Hand Weapons
 j - a +0 hunting sling
 r - a +3 scythe
 H - a +2 dagger of flaming
 P - a +2 vorpal war axe (weapon)
 Y - a +0 flail of protection
Missiles
 i - 163 stones
 C - a throwing net (quivered)
Armour
 a - a +0 robe (worn)
 b - a +0 kite shield (worn)
 Z - a +0 cloak (worn)
Magical Staves
 y - a staff of earth
Jewellery
 m - a ring of wizardry
 n - a ring of see invisible (left claw)
 q - a ring of protection from fire (right claw)
 M - an amulet of guardian spirit (around neck)
 W - a ring of magical power
Wands
 w - a wand of polymorph (17)
 A - a wand of flame (27)
Scrolls
 f - 2 scrolls of noise {unknown}
 h - 4 scrolls of identify
 k - 3 scrolls of fear
 l - 2 scrolls of summoning {unknown}
 p - 2 scrolls of silence {unknown}
 s - a scroll of brand weapon {unknown}
 t - a scroll of amnesia {unknown}
 v - 2 scrolls of acquirement {unknown}
 x - 2 scrolls of teleportation
 z - a scroll of torment {unknown}
 B - a scroll of holy word {unknown}
 J - a scroll of blinking
 V - 2 scrolls of immolation
 X - 4 scrolls of enchant armour
Potions
 c - 2 potions of might
 d - 4 potions of curing {unknown}
 e - a potion of cancellation {unknown}
 g - 5 potions of heal wounds
 o - 4 potions of degeneration {unknown}
 u - a potion of resistance
 D - a potion of haste
 E - a potion of ambrosia {unknown}
 G - 4 potions of flight
 K - a potion of mutation
 N - a potion of lignification
 Q - a potion of brilliance


   Skills:
 + Level 4.3 Fighting
 + Level 5.5 Axes
 + Level 4.9 Dodging
 + Level 4.3 Shields
 + Level 6.0 Unarmed Combat


You had 8 spell levels left.
You didn't know any spells.
Your spell library contained the following spells:

 Spells                   Type           Power      Damage    Failure   Level
 Blink                    Tloc           0%         N/A       91%         2
 Corpse Rot               Necr/Air       0%         N/A       91%         2
 Ensorcelled Hibernation  Hex/Ice        0%         N/A       91%         2
 Poisonous Vapours        Pois/Air       0%         N/A       91%         2
 Lesser Beckoning         Tloc           0%         N/A       99%         3
 Portal Projectile        Hex/Tloc       0%         N/A       99%         3
 Swiftness                Air            0%         N/A       99%         3
 Leda's Liquefaction      Hex/Erth       0%         N/A       100%        4
 Manifold Assault         Tloc           0%         N/A       100%        5
 Passwall                 Tmut/Erth      Unusable   N/A       N/A         2
 Call Canine Familiar     Summ           Unusable   N/A       N/A         3

Dungeon Overview and Level Annotations

Branches:
Dungeon (7/15)             Temple (1/1) D:4           Sewer (visited)
Ossuary (visited)

Altars:
Ashenzari
Cheibriados
Dithmenos
Elyvilon
Fedhas
Gozag
Hepliaklqana
Kikubaaqudgha
Makhleb
Nemelex Xobeh
Okawaru
Qazlal
Ru
Sif Muna
Trog
Uskayaw
Vehumet
Wu Jian
Xom
Yredelemnul
Zin
The Shining One

Shops:
D:2 ?   D:4 (


Innate Abilities, Weirdness & Mutations

You are too large for most types of armour.
You have claws for hands.
Your natural rate of healing is unusually fast.
You are covered in fur. (AC +1)
You have tough skin. (AC +1)
You cannot be stealthy.
You cannot study or cast Fire magic.
You cannot study or cast Summoning magic.
You cannot study or cast Transmutations magic.
You are sensitive to extremes of temperature. (rF-, rC-)
You are partially covered in iridescent scales. (AC +2)
Your body sometimes deteriorates upon taking damage.


Message History

x - 2 scrolls of teleportation (gained 1)
You see here a +0 leather armour.
E - a fuming golden potion
Things that are here:
a +0 dagger; a +0 robe
There is an open door here.
You open the door.
An efreet comes into view.
It is wielding a +0 scimitar of flaming.
The efreet begins to attack, but is stunned by your conviction!
There is an open door here.
The efreet gestures at you.
The fireball explodes!
The fireball engulfs you!
Your body deteriorates!
You feel dopey.
The fireball engulfs the efreet.
The efreet completely resists.
Something shouts, "Return whence thou came, thou puny idle-headed harpy!"
You hear a shout!
You barely miss the efreet. The efreet gestures at you.
The fireball explodes!
The fireball engulfs you!!
The fireball engulfs the efreet.
The efreet completely resists.
You hit the efreet.
The efreet is lightly wounded.
The efreet hits you with a +0 scimitar of flaming!!
The efreet burns you.
The efreet is stunned by your conviction and fails to attack.
You hit the efreet.
The efreet is heavily wounded.
The efreet closely misses you.
You hit the efreet but do no damage.
The efreet is heavily wounded.
The efreet hits you with a +0 scimitar of flaming!
The efreet burns you.
You slash the efreet!
The efreet is severely wounded.
The efreet gestures at you. The bolt of fire hits you!!
* * * LOW HITPOINT WARNING * * *
Your body deteriorates!
You feel weakened.
The efreet hits you with a +0 scimitar of flaming!
You die...

###.####.# #.....# #####...#
##..# #.# #.....# ##.## ##..#
#.# #.....# #..# ##..# #.#
##....# #..## ##..# #.#
##.#)##### #....
...#########+###
######...###.###
...##...##.....##...###.......#
##.#.....#.....#.....##...#####
##.#[..).'..8..'@R...###.##
...#.....#.....#.....#
#.########
##.##...##.....##...##
#.##...... ##.#######.....#
#######.##...... ##.....#
#.....# #.##.##.##### .......#
###.##.### #.##.##.# # ####...#
#.# #.. #.##....# # ######.#
#.##.### #.......# #
.......#####.#..# #######.#####


You could see an efreet.

Vanquished Creatures
  Sigmund (D:6)
  An orc warrior (D:6)
  An ice beast (D:4)
  A sky beast (D:6)
  3 ogres
  A gnoll sergeant (D:7)
  A bullfrog (Sewer)
  3 elf zombies (Ossuary)
  2 scorpions
  A necrophage (D:4)
  A howler monkey (D:7)
  5 hounds
  A centaur zombie (Ossuary)
  A human zombie (Ossuary)
  5 orc priests
  An iguana (D:6)
  4 orc wizards
  2 mummies (Ossuary)
  17 adders
  11 gnolls
  A shadow imp (D:7)
  3 white imps (D:5)
  An ufetubus (D:6)
  An adder zombie (Ossuary)
  2 worms
  A dart slug (D:1)
  17 orcs
  8 ball pythons
  4 bats
  12 endoplasms
  12 giant cockroaches
  3 goblins
  3 hobgoblins
  10 quokkas
  6 frilled lizards
  3 goblin zombies (Ossuary)
  12 hobgoblin zombies (Ossuary)
  A jackal zombie (Ossuary)
  6 kobolds
  5 kobold zombies (Ossuary)
  8 orc zombies (Ossuary)
  5 rats
  2 rat zombies (Ossuary)
  4 bushes
193 creatures vanquished.

Vanquished Creatures (others)
  An adder (D:6)
  2 fungi (D:6)
  A plant (D:1)
4 creatures vanquished.

Grand Total: 197 creatures vanquished

Notes
Turn   | Place    | Note
-------+----------+-------------------------------------------
     0 | D:1      | happo123 the Troll Fighter began the quest for the Orb.
     0 | D:1      | Reached XP level 1. HP: 22/22 MP: 0/0
   413 | D:1      | Reached XP level 2. HP: 29/29 MP: 1/1
   472 | D:1      | Found a faded altar of an unknown god.
   479 | D:1      | Prayed at the altar of an unknown god.
   479 | D:1      | Became a worshipper of Ru the Awakened
   493 | D:1      | Gained mutation: You cannot be stealthy. [Ru sacrifice]
   926 | D:2      | Reached XP level 3. HP: 36/36 MP: 2/2
   991 | D:2      | Found Moqerghio's Magic Scroll Shoppe.
  1010 | D:2      | Bought a scroll of identify for 26 gold pieces
  1163 | D:2      | Reached XP level 4. HP: 37/44 MP: 3/3
  1350 | D:3      | Reached skill level 3 in Unarmed Combat
  1974 | D:3      | Gained mutation: Your body sometimes deteriorates upon
                  | taking damage. [potion of mutation]
  1974 | D:3      | Gained mutation: You are partially covered in iridescent
                  | scales. (AC +2) [potion of mutation]
  2004 | D:4      | Found Nolar's Weapon Shoppe.
  2040 | D:4      | Reached XP level 5. HP: 53/53 MP: 4/4
  2285 | D:4      | Noticed an ice beast
  2294 | D:4      | Reached skill level 4 in Unarmed Combat
  2299 | D:4      | Killed an ice beast
  2300 | D:4      | Reached XP level 6. HP: 47/61 MP: 5/5
  2412 | D:4      | Found a glowing drain.
  2431 | Sewer    | Entered a sewer
  2570 | Sewer    | Gained mutation: You cannot study or cast Fire magic. [Ru
                  | sacrifice]
  2570 | Sewer    | Gained mutation: You cannot study or cast Transmutations
                  | magic. [Ru sacrifice]
  2570 | Sewer    | Gained mutation: You cannot study or cast Summoning magic.
                  | [Ru sacrifice]
  2570 | Sewer    | Reached * piety under Ru
  2570 | Sewer    | Reached ** piety under Ru
  2653 | Sewer    | Reached skill level 5 in Unarmed Combat
  2993 | D:4      | Reached XP level 7. HP: 63/67 MP: 6/6
  3717 | D:4      | Found a staircase to the Ecumenical Temple.
  3771 | Temple   | Entered the Ecumenical Temple
  4188 | D:4      | Bought a +0 vorpal war axe for 86 gold pieces
  4195 | D:5      | Entered Level 5 of the Dungeon
  4401 | D:5      | Found a hide-covered altar of Uskayaw.
  4404 | D:5      | Noticed a +0 dagger
  4404 | D:5      | Noticed a +0 dagger
  4917 | D:6      | Reached skill level 1 in Axes
  4917 | D:6      | Reached skill level 6 in Unarmed Combat
  5015 | D:6      | Reached XP level 8. HP: 40/75 MP: 0/7
  5481 | D:6      | Gained mutation: You are sensitive to extremes of
                  | temperature. (rF-, rC-) [Ru sacrifice]
  5481 | D:6      | Reached *** piety under Ru
  5481 | D:6      | Reached **** piety under Ru
  5591 | D:6      | Noticed Sigmund
  5605 | D:6      | Killed Sigmund
  5876 | D:7      | Found a sand-covered staircase.
  5897 | Ossuary  | Entered an ossuary
  6116 | Ossuary  | Reached skill level 5 in Axes
  6239 | D:7      | Reached XP level 9. HP: 63/84 MP: 4/8
  6705 | D:7      | Noticed an efreet
  6712 | D:7      | Slain by an efreet

Illustrated notes

Levels and vault maps discovered:
D:1:      tarquinn_simple_flora_water_b, layout_loops_ring,
          dreamdust_ecumenical_altar_statues, serial_forest,
          infiniplex_forest_straight_3, infiniplex_forest_corner_1,
          infiniplex_forest_lined_4_way, infiniplex_forest_clump_small,
          infiniplex_forest_straight_2, infiniplex_forest_clump_small,
          infiniplex_forest_clump_tiny
D:2:      layout_rooms, serial_shops, nicolae_shop_advertising_works
          [nicolae_subvault_shop_adworks]
D:3:      layout_loops_ring, minmay_fractal_squares_gapless_5
D:4:      layout_loops_cross, minmay_temple_entry_nine_rooms, serial_shops,
          shop, gup_sewer_entry_bubbles, serial_co_window_serial,
          co_window_corner_a, co_window_paths_b, co_window_paths_a,
          co_window_paths_b, co_window_paths_a, co_window_2corner,
          co_window_corner_b, co_window_corner_b, co_window_paths_c,
          co_window_cross_2, co_window_corner_b, co_window_corner_b,
          co_window_paths_d, glass_columns_b, glass_columns_c, glass_columns_a,
          glass_columns_a
D:5:      cheibrodos_helix_gallery, layout_basic, dancing_weapons_uskayaw,
          minmay_misc_feat_nine_boxes
D:6:      nicolae_cairo_tiling, layout_gridville, dreamdust_gnoll_farm,
          uniq_sigmund
D:7:      layout_loops_ring, enter_ossuary_1, minmay_hedge_maze, st_stairs_14,
          minmay_three_doors
Temple:   compressed_dpeg_triangle_lava_temple

Skill      XL: |  1  2  3  4  5  6  7  8 |
---------------+-------------------------+-----
Dodging        | 3 4 |  4.9
Shields        | 3 4 |  4.3
Unarmed Combat | 3 4 5 6 |  6.0
Fighting       | 3 4 |  4.3
Axes           | 2 5 |  5.5

Action                   |  1- 3 |  4- 6 |  7- 9 || total
-------------------------+-------+-------+-------++-------
Melee: Unarmed           |    97 |   205 |     3 ||   305
       War axe           |       |       |   326 ||   326
Invok: Sacrifice Stealth |     1 |       |       ||     1
       Sacrifice Arcana  |       |     1 |       ||     1
       Sacrifice Resista |       |       |     1 ||     1
       Draw Out Power    |       |       |     1 ||     1
  Use: Scroll            |       |     4 |     9 ||    13
       Potion            |       |     1 |     1 ||     2
 Stab: Invisible         |       |       |     3 ||     3
       Distracted        |       |       |     1 ||     1
Armor: Robe              |    10 |    69 |    89 ||   168
Dodge: Dodged            |    13 |    79 |   101 ||   193
Block: Kite shield       |    19 |    62 |    86 ||   167

Table legend: (Time is in decaauts)
 A = Elapsed time spent in this place.
 B = Non-inter-level travel time spent in this place.
 C = Inter-level travel time spent in this place.
 D = Time resting spent in this place.
 E = Time spent auto-exploring this place.
 F = Levels seen in this place.
 G = Mean time per level.
                   A        B        C        D        E       F      G
               +--------+--------+--------+--------+--------+-----+--------+
         Total |   6997 |   5794 |   1203 |    109 |   3801 |  10 |  699.7 |
       Dungeon |   5884 |   4838 |   1046 |    109 |   3425 |   7 |  840.6 |
        Temple |    361 |    204 |    157 |      0 |    202 |   1 |  361.0 |
         Sewer |    463 |    463 |      0 |      0 |    164 |   1 |  463.0 |
       Ossuary |    287 |    287 |      0 |      0 |     10 |   1 |  287.0 |
               +--------+--------+--------+--------+--------+-----+--------+

Top non-repeatable levels by time:
     D:4: 1523 daAuts
     D:6: 1021 daAuts
     D:1: 807 daAuts
     D:5: 715 daAuts
     D:3: 676 daAuts
     D:7: 631 daAuts
     D:2: 507 daAuts
   Sewer: 463 daAuts
  Temple: 361 daAuts
 Ossuary: 287 daAuts
